General information
- name: BNet
- type: Ladder team game (AT/RT)
- host: Battle.net
- saver: TheMightyRod
map: Cherryville
- players: 8
- length: 75:25
- speed: Fast
- version: 1.27 W3XP
- replay type: Public
» download(320 KB)
Players
team 1 (winner)

»
Noobinit_up (
orange | 18 APM | 1194 actions | 65:12)
5 Crypt Lord
1 Carrion Beetles
3 Spiked Carapace
1 Impale
1 Death Knight
1 Death Coil
» actions
| Assign group hotkey | 15 | |
| Basic commands | 91 | |
| Build / train | 73 | |
| ESC pressed | 3 | |
| Enter build submenu | 47 | |
| Enter hero's abilities submenu | 6 | |
| Give item / drop item | 1 | |
| Remove unit from queue | 1 | |
| Right click | 387 | |
| Select / deselect | 447 | |
| Select group hotkey | 67 | |
| Use ability | 55 | |
1194 total
» units
| Acolyte | 12 | |
| Ghoul | 13 | |
| Crypt Fiend | 8 | |
| Frost Wyrm | 10 | |
43 total
» upgrades
| Creature Attack | 1 | |
| Creature Carapace | 2 | |
| Freezing Breath | 1 | |
| Web | 1 | |
5 total
» buildings
| Altar of Darkness | 3 | |
| Ziggurat | 12 | |
| Crypt | 3 | |
| Graveyard | 2 | |
| Nerubian Tower | 6 | |
| Tomb of Relics | 1 | |
| Halls of the Dead | 1 | |
| Necropolis | 1 | |
| Sacrificial Pit | 1 | |
| Black Citadel | 1 | |
| Boneyard | 4 | |
| Spirit Tower | 2 | |
37 total
» build order
00:09 Altar of Darkness
00:12 Altar of Darkness
00:15 Ziggurat
00:38 Crypt
01:01 Graveyard
01:03 Graveyard
01:35 Ziggurat
02:30 Nerubian Tower
03:25 Tomb of Relics
04:14 Ziggurat
04:48 Halls of the Dead
05:15 Nerubian Tower
05:39 Ziggurat
06:39 Necropolis
06:52 Nerubian Tower
07:15 Sacrificial Pit
07:31 Black Citadel
09:02 Ziggurat
09:47 Ziggurat
09:57 Boneyard
09:59 Boneyard
10:17 Nerubian Tower
10:27 Boneyard
11:18 Boneyard
11:21 Nerubian Tower
13:02 Ziggurat
14:22 Spirit Tower
14:24 Ziggurat
17:47 Ziggurat
17:51 Ziggurat
19:44 Spirit Tower
20:00 Nerubian Tower
20:14 Ziggurat
20:53 Altar of Darkness
21:39 Crypt
21:42 Crypt
21:47 Nerubian Tower
23:25 Ziggurat
» items
| Scroll of Town Portal | 2 | |
| Potion of Healing | 1 | |
| Potion of Lesser Invulnerability | 1 | |
| Dust of Appearance | 2 | |
6 total
TheMightyRod (
pink | 63 APM | 4720 actions | 75:25)
7 Death Knight
3 Death Coil
3 Unholy Aura
1 Animate Dead
6 Crypt Lord
3 Impale
2 Carrion Beetles
1 Locust Swarm
5 Lich
3 Frost Nova
1 Dark Ritual
1 Frost Armor
» actions
| Assign group hotkey | 50 | |
| Basic commands | 327 | |
| Build / train | 171 | |
| ESC pressed | 8 | |
| Enter build submenu | 36 | |
| Enter hero's abilities submenu | 18 | |
| Give item / drop item | 9 | |
| Right click | 1791 | |
| Select / deselect | 569 | |
| Select group hotkey | 1507 | |
| Use ability | 234 | |
4720 total
» units
| Acolyte | 17 | |
| Ghoul | 2 | |
| Crypt Fiend | 10 | |
| Goblin Shredder | 5 | |
| Obsidian Statue | 3 | |
| Abomination | 5 | |
| Gargoyle | 5 | |
| Goblin Zeppelin | 1 | |
| Goblin Sapper | 1 | |
| Frost Wyrm | 1 | |
50 total
» upgrades
| Creature Attack | 3 | |
| Burrow | 1 | |
| Creature Carapace | 3 | |
| Web | 1 | |
| Ghoul Frenzy | 1 | |
| Disease Cloud | 1 | |
| Unholy Strength | 3 | |
| Unholy Armor | 3 | |
| Stone Form | 1 | |
| Cannibalize | 1 | |
| Freezing Breath | 1 | |
| Backpack | 1 | |
20 total
» buildings
| Graveyard | 1 | |
| Crypt | 3 | |
| Ziggurat | 15 | |
| Altar of Darkness | 1 | |
| Tomb of Relics | 2 | |
| Halls of the Dead | 1 | |
| Necropolis | 3 | |
| Nerubian Tower | 19 | |
| Spirit Tower | 12 | |
| Black Citadel | 3 | |
| Slaughterhouse | 1 | |
| Sacrificial Pit | 1 | |
| Boneyard | 2 | |
64 total
» build order
00:07 Graveyard
00:10 Crypt
00:40 Ziggurat
00:58 Altar of Darkness
01:27 Tomb of Relics
02:03 Ziggurat
04:07 Halls of the Dead
06:00 Necropolis
06:20 Ziggurat
06:23 Nerubian Tower
06:23 Nerubian Tower
06:24 Nerubian Tower
09:33 Ziggurat
09:35 Ziggurat
10:25 Nerubian Tower
10:25 Nerubian Tower
10:25 Nerubian Tower
10:32 Spirit Tower
11:02 Black Citadel
11:03 Black Citadel
11:03 Black Citadel
11:30 Slaughterhouse
11:51 Ziggurat
12:34 Ziggurat
12:42 Tomb of Relics
12:45 Spirit Tower
12:45 Spirit Tower
12:45 Spirit Tower
14:15 Nerubian Tower
16:20 Ziggurat
17:21 Spirit Tower
17:21 Spirit Tower
17:21 Spirit Tower
17:26 Ziggurat
18:53 Sacrificial Pit
18:55 Nerubian Tower
18:55 Nerubian Tower
20:51 Necropolis
23:26 Ziggurat
23:28 Ziggurat
23:38 Ziggurat
23:46 Ziggurat
23:49 Ziggurat
24:26 Nerubian Tower
24:26 Nerubian Tower
24:27 Spirit Tower
24:41 Nerubian Tower
24:52 Spirit Tower
25:13 Crypt
25:17 Crypt
25:22 Boneyard
25:28 Boneyard
25:45 Necropolis
27:43 Ziggurat
30:54 Nerubian Tower
30:54 Nerubian Tower
30:54 Nerubian Tower
» items
| Rod of Necromancy | 5 | |
| Sacrificial Skull | 5 | |
| Periapt of Vitality | 2 | |
| Potion of Healing | 1 | |
| Scroll of Town Portal | 6 | |
| Orb of Corruption | 2 | |
| Potion of Lesser Invulnerability | 2 | |
| Circlet of Nobility | 1 | |
| Staff of Teleportation | 1 | |
25 total
88MPH (
green | 23 APM | 1710 actions | 75:24)
8 Blademaster
3 Wind Walk
3 Critical Strike
1 Bladestorm
1 Mirror Image
» actions
| Assign group hotkey | 47 | |
| Basic commands | 84 | |
| Build / train | 71 | |
| Enter build submenu | 23 | |
| Enter hero's abilities submenu | 8 | |
| Give item / drop item | 2 | |
| Right click | 789 | |
| Select / deselect | 392 | |
| Select group hotkey | 168 | |
| Use ability | 126 | |
1710 total
» units
| Peon | 8 | |
| Grunt | 4 | |
| Wind Rider | 11 | |
| Goblin Shredder | 1 | |
| Troll Batrider | 9 | |
| Goblin Sapper | 3 | |
| Goblin Zeppelin | 1 | |
37 total
» upgrades
| Armor | 3 | |
| Ranged Weapons | 3 | |
| Troll Regeneration | 1 | |
| Liquid Fire | 1 | |
| Reinforced Defenses | 1 | |
| Envenomed Spears | 1 | |
10 total
» buildings
| Orc Burrow | 4 | |
| Altar of Storms | 1 | |
| Barracks | 1 | |
| Voodoo Lounge | 1 | |
| Stronghold | 1 | |
| War Mill | 2 | |
| Great Hall | 2 | |
| Beastiary | 4 | |
| Watch Tower | 11 | |
| Fortress | 1 | |
28 total
» build order
00:10 Orc Burrow
00:50 Altar of Storms
00:51 Barracks
01:06 Orc Burrow
01:38 Voodoo Lounge
02:53 Stronghold
03:49 Orc Burrow
04:09 War Mill
04:57 Great Hall
05:24 Beastiary
05:25 Beastiary
05:55 Orc Burrow
08:53 Watch Tower
08:54 Watch Tower
08:55 Watch Tower
11:27 War Mill
12:11 Fortress
13:46 Beastiary
13:47 Beastiary
21:28 Great Hall
21:31 Watch Tower
21:31 Watch Tower
21:32 Watch Tower
21:32 Watch Tower
21:33 Watch Tower
21:34 Watch Tower
21:34 Watch Tower
21:35 Watch Tower
» items
| Healing Salve | 4 | |
| Lesser Clarity Potion | 2 | |
| Staff of Teleportation | 1 | |
| Periapt of Vitality | 1 | |
| Scroll of Town Portal | 1 | |
| Orb of Lightning | 1 | |
| Potion of Healing | 1 | |
| Potion of Mana | 1 | |
12 total
Dethstalker (
red | 17 APM | 1318 actions | 75:24)
5 Blood Mage
3 Flame Strike
1 Banish
1 Siphon Mana
» actions
| Assign group hotkey | 8 | |
| Basic commands | 143 | |
| Build / train | 64 | |
| Enter build submenu | 22 | |
| Enter hero's abilities submenu | 5 | |
| Give item / drop item | 2 | |
| Remove unit from queue | 2 | |
| Right click | 178 | |
| Select / deselect | 319 | |
| Select group hotkey | 500 | |
| Use ability | 75 | |
1318 total
» units
| Peasant | 10 | |
| Gryphon Rider | 8 | |
| Dragonhawk Rider | 3 | |
21 total
» upgrades
| Masonry | 3 | |
| Lumber Harvesting | 1 | |
| Storm Hammers | 1 | |
| Swords | 3 | |
| Armor | 3 | |
| Cloud | 1 | |
12 total
» buildings
| Farm | 8 | |
| Lumber Mill | 1 | |
| Scout Tower | 5 | |
| Arcane Vault | 2 | |
| Guard Tower | 4 | |
| Altar of Kings | 1 | |
| Keep | 1 | |
| Castle | 1 | |
| Gryphon Aviary | 2 | |
| Blacksmith | 1 | |
26 total
» build order
01:21 Farm
01:23 Farm
01:45 Lumber Mill
02:00 Scout Tower
02:06 Arcane Vault
02:26 Scout Tower
02:28 Scout Tower
02:30 Guard Tower
02:39 Altar of Kings
02:51 Keep
02:58 Scout Tower
03:14 Guard Tower
03:26 Guard Tower
03:32 Scout Tower
03:50 Farm
04:06 Guard Tower
05:13 Castle
05:46 Gryphon Aviary
05:50 Gryphon Aviary
06:46 Farm
06:51 Farm
06:55 Farm
07:36 Farm
08:17 Farm
09:40 Blacksmith
21:36 Arcane Vault
» items
| Healing Salve | 3 | |
| Lesser Clarity Potion | 7 | |
| Periapt of Vitality | 2 | |
| Scroll of Regeneration | 2 | |
| Scroll of Town Portal | 2 | |
| Staff of Teleportation | 1 | |
17 total
team 2 (loser)
HighEast (
blue | 57 APM | 2209 actions | 38:49)
5 Far Seer
2 Feral Spirit
3 Chain Lighting
2 Shadow Hunter
1 Hex
1 Healing Wave
» actions
| Basic commands | 14 | |
| Build / train | 71 | |
| Enter build submenu | 48 | |
| Enter hero's abilities submenu | 7 | |
| Give item / drop item | 2 | |
| Remove unit from queue | 3 | |
| Right click | 1202 | |
| Select / deselect | 664 | |
| Use ability | 196 | |
2209 total
» units
| Peon | 15 | |
| Grunt | 6 | |
| Assassin | 1 | |
| Spirit Walker | 3 | |
| Shaman | 6 | |
| Troll Headhunter/Berserker | 8 | |
| Troll Witch Doctor | 4 | |
43 total
» upgrades
| Berserker Strength | 1 | |
| Shaman Training | 1 | |
| Ranged Weapons | 1 | |
| Armor | 1 | |
| Witch Doctor Training | 1 | |
5 total
» buildings
| Altar of Storms | 2 | |
| Orc Burrow | 7 | |
| Barracks | 1 | |
| Voodoo Lounge | 1 | |
| Stronghold | 1 | |
| Great Hall | 7 | |
| Spirit Lodge | 2 | |
| War Mill | 1 | |
| Watch Tower | 9 | |
| Fortress | 1 | |
32 total
» build order
00:04 Altar of Storms
00:06 Orc Burrow
01:08 Barracks
01:41 Orc Burrow
01:45 Orc Burrow
02:12 Orc Burrow
03:13 Voodoo Lounge
04:00 Stronghold
06:42 Great Hall
09:19 Spirit Lodge
09:47 War Mill
10:03 Spirit Lodge
10:31 Orc Burrow
11:54 Watch Tower
12:42 Watch Tower
13:43 Watch Tower
14:02 Watch Tower
14:03 Watch Tower
14:06 Watch Tower
14:08 Watch Tower
23:54 Fortress
25:12 Great Hall
25:20 Great Hall
26:18 Great Hall
26:24 Altar of Storms
26:40 Watch Tower
27:21 Watch Tower
28:07 Great Hall
28:28 Great Hall
32:18 Orc Burrow
36:35 Great Hall
37:47 Orc Burrow
» items
| Lesser Clarity Potion | 3 | |
| Healing Salve | 2 | |
| Potion of Healing | 2 | |
| Staff of Sanctuary | 1 | |
| Orb of Lightning | 1 | |
| Scroll of Speed | 1 | |
10 total
HEADPHONE-JACK (
purple | 36 APM | 2752 actions | 75:24)
10 Blademaster
3 Wind Walk
3 Critical Strike
1 Bladestorm
3 Mirror Image
» actions
| Assign group hotkey | 47 | |
| Basic commands | 21 | |
| Build / train | 72 | |
| Enter build submenu | 26 | |
| Enter hero's abilities submenu | 10 | |
| Give item / drop item | 8 | |
| Right click | 1341 | |
| Select / deselect | 348 | |
| Select group hotkey | 685 | |
| Use ability | 194 | |
2752 total
» units
| Peon | 8 | |
| Grunt | 3 | |
| Goblin Shredder | 1 | |
| Wind Rider | 7 | |
| Troll Batrider | 1 | |
| Kodo Beast | 9 | |
29 total
» upgrades
| Reinforced Defenses | 1 | |
| Envenomed Spears | 1 | |
| Ranged Weapons | 3 | |
| Armor | 3 | |
| Liquid Fire | 1 | |
9 total
» buildings
| Altar of Storms | 1 | |
| Orc Burrow | 9 | |
| Barracks | 1 | |
| Voodoo Lounge | 1 | |
| Stronghold | 2 | |
| War Mill | 1 | |
| Great Hall | 1 | |
| Fortress | 1 | |
| Beastiary | 3 | |
| Watch Tower | 14 | |
34 total
» build order
00:07 Altar of Storms
00:20 Orc Burrow
00:36 Barracks
01:27 Orc Burrow
02:05 Voodoo Lounge
02:55 Stronghold
02:56 Stronghold
03:49 War Mill
04:32 Great Hall
05:18 Orc Burrow
06:29 Fortress
06:37 Beastiary
07:11 Watch Tower
07:12 Watch Tower
07:12 Watch Tower
07:27 Watch Tower
07:42 Orc Burrow
07:46 Beastiary
07:55 Watch Tower
09:19 Beastiary
09:36 Watch Tower
09:42 Watch Tower
10:26 Watch Tower
10:27 Watch Tower
10:28 Watch Tower
11:50 Orc Burrow
11:53 Orc Burrow
12:16 Watch Tower
12:17 Watch Tower
13:48 Watch Tower
13:48 Watch Tower
45:18 Orc Burrow
45:20 Orc Burrow
45:23 Orc Burrow
» items
| Healing Salve | 5 | |
| Orb of Lightning | 1 | |
| Potion of Mana | 3 | |
| Staff of Teleportation | 1 | |
| Boots of Speed | 1 | |
| Scroll of Healing | 3 | |
| Scroll of Town Portal | 2 | |
| Lesser Clarity Potion | 2 | |
| Potion of Healing | 1 | |
19 total
x3m_test (
yellow | 61 APM | 1383 actions | 22:45)
3 Archmage
2 Summon Water Elemental
1 Brilliance Aura
» actions
| Assign group hotkey | 156 | |
| Basic commands | 10 | |
| Build / train | 88 | |
| ESC pressed | 1 | |
| Enter build submenu | 23 | |
| Enter hero's abilities submenu | 3 | |
| Right click | 471 | |
| Select / deselect | 317 | |
| Select group hotkey | 239 | |
| Use ability | 75 | |
1383 total
» units
| Peasant | 27 | |
| Footman | 13 | |
| Siege Engine | 7 | |
47 total
» upgrades
| Defend | 1 | |
| Lumber Harvesting | 2 | |
| Masonry | 3 | |
| Swords | 1 | |
| Barrage | 1 | |
| Gunpowder | 2 | |
| Flying Machine Bombs | 1 | |
| Flare | 1 | |
| Fragmentation Shards | 1 | |
13 total
» buildings
| Altar of Kings | 1 | |
| Farm | 7 | |
| Barracks | 1 | |
| Lumber Mill | 1 | |
| Arcane Vault | 1 | |
| Scout Tower | 10 | |
| Arcane Tower | 1 | |
| Town Hall | 1 | |
| Guard Tower | 7 | |
| Keep | 1 | |
| Castle | 1 | |
| Blacksmith | 1 | |
| Workshop | 2 | |
35 total
» build order
00:24 Altar of Kings
00:36 Farm
00:58 Barracks
01:26 Farm
01:32 Lumber Mill
01:58 Farm
02:07 Arcane Vault
02:16 Scout Tower
02:44 Farm
03:04 Arcane Tower
03:52 Farm
05:19 Town Hall
05:25 Scout Tower
05:26 Scout Tower
05:27 Scout Tower
05:40 Scout Tower
05:59 Scout Tower
06:01 Guard Tower
06:12 Guard Tower
06:21 Farm
06:27 Guard Tower
07:07 Keep
07:49 Farm
07:51 Scout Tower
09:37 Castle
09:43 Blacksmith
10:07 Scout Tower
10:09 Guard Tower
10:39 Guard Tower
10:42 Scout Tower
10:59 Workshop
11:00 Workshop
11:20 Guard Tower
13:01 Scout Tower
14:20 Guard Tower
» items
| Scroll of Regeneration | 1 | |
| Scroll of Protection | 1 | |
| Potion of Lesser Invulnerability | 1 | |
| Lesser Clarity Potion | 2 | |
| Potion of Healing | 4 | |
| Scroll of Town Portal | 4 | |
| Healing Salve | 1 | |
14 total
Satalas (
teal | 49 APM | 925 actions | 18:43)
4 Far Seer
2 Feral Spirit
2 Chain Lighting
» actions
| Assign group hotkey | 13 | |
| Basic commands | 37 | |
| Build / train | 47 | |
| Enter build submenu | 19 | |
| Enter hero's abilities submenu | 4 | |
| Give item / drop item | 1 | |
| Remove unit from queue | 1 | |
| Right click | 407 | |
| Select / deselect | 218 | |
| Select group hotkey | 125 | |
| Use ability | 53 | |
925 total
» units
| Peon | 7 | |
| Grunt | 5 | |
| Wind Rider | 9 | |
| Spirit Walker | 1 | |
| Troll Batrider | 3 | |
25 total
» upgrades
| Pillage | 1 | |
| Armor | 2 | |
| Berserker Strength | 1 | |
| Ranged Weapons | 2 | |
| Spirit Walker Training | 1 | |
| Spiked Barricades | 1 | |
8 total
» buildings
| Altar of Storms | 1 | |
| Orc Burrow | 6 | |
| Barracks | 1 | |
| Voodoo Lounge | 1 | |
| War Mill | 1 | |
| Stronghold | 1 | |
| Great Hall | 1 | |
| Beastiary | 1 | |
| Spirit Lodge | 1 | |
| Watch Tower | 5 | |
19 total
» build order
00:06 Altar of Storms
00:19 Orc Burrow
00:40 Barracks
02:01 Orc Burrow
03:37 Voodoo Lounge
03:43 War Mill
03:48 Orc Burrow
03:57 Orc Burrow
04:27 Stronghold
06:40 Great Hall
07:06 Beastiary
07:09 Spirit Lodge
12:03 Watch Tower
12:03 Watch Tower
12:07 Orc Burrow
12:09 Watch Tower
12:10 Watch Tower
12:14 Watch Tower
13:53 Orc Burrow
» items
| Healing Salve | 3 | |
| Lesser Clarity Potion | 2 | |
| Scroll of Town Portal | 2 | |
| Scroll of Regeneration | 1 | |
8 total
Chat log
(00:07 / Allies) Dethstalker: gg
(00:11 / Allies) TheMightyRod: what
(00:23 / Allies) Dethstalker: 2 lvl 1s and oj
(00:25 / Allies) Dethstalker: its a loss
(00:27 / Allies) Dethstalker: gg
(00:37 / Allies) TheMightyRod: if anyone causes a loss it's you being a pussy bitch
(00:38 / Allies) 88MPH: level doesn't matter dummy
(00:41 / All) Dethstalker: gg
(00:42 / Allies) 88MPH: ever heard of smurfing
(00:47 / All) TheMightyRod: what mg of estrogen do you take a day red
(00:53 / All) HighEast: lol
(01:12 / Allies) Dethstalker: if u have lvl 1 acnt it means u either suk are a bser or dotn care either way its a loss
(01:22 / Allies) TheMightyRod: or I don't want to be recognised
(01:28 / Allies) Dethstalker: gg
(01:29 / Allies) TheMightyRod: fucking retard
(01:30 / All) 88MPH: WE GOT EEYORE ON OUR TEAM
(01:53 / Allies) 88MPH: why not just leave
(02:06 / Allies) 88MPH: 89-125
(02:08 / Allies) 88MPH: you're not even good
(02:11 / Allies) Dethstalker: gettin the loss
(02:15 / Allies) Dethstalker: might aswell watch
(02:28 / Allies) 88MPH: you have to be carried to get wins?
(02:37 / Allies) TheMightyRod: you can get a tower build and spend your apm on that
(02:40 / Allies) Dethstalker: sure
(02:42 / Allies) TheMightyRod: but you can't do anything else and just want to watch?
(02:45 / Allies) 88MPH: tower up at least
(02:45 / Allies) Dethstalker: whatever u say pro
(02:50 / Allies) 88MPH: just mass towers
(04:28 / Allies) Noobinit_up: u got that green
(04:31 / Allies) 88MPH: yeh
(08:00 / Allies) Noobinit_up: otw green
(08:10 / Allies) TheMightyRod: tp
(08:29 / Allies) TheMightyRod: help
(08:57 / Allies) TheMightyRod: help
(08:59 / Allies) TheMightyRod: faggots
(09:06 / Allies) 88MPH: we are 3v4
(09:09 / Allies) 88MPH: and we're both hurt
(09:21 / Allies) 88MPH: lumber
(09:46 / Allies) 88MPH: lumber
(10:51 / Allies) 88MPH: more lumbs
(11:00 / Allies) 88MPH: o thot u were gonna hit with me
(11:03 / Allies) 88MPH: when I saw you on mini map
(11:16 / Allies) TheMightyRod: I can
(13:16 / Allies) 88MPH: fight
(13:18 / Allies) 88MPH: wtf
(13:37 / Allies) 88MPH: we had mroe air than them and they had tier 2 orc air leol
(13:45 / Allies) TheMightyRod: I hate hero focus as undea
(13:46 / Allies) TheMightyRod: d
(13:49 / Allies) TheMightyRod: if you lose your dk you're fucked
(15:00 / Allies) Noobinit_up: meet there
(15:06 / Allies) Noobinit_up: hit from that side?\
(17:06 / Allies) Noobinit_up: wood?
(18:38 / All) Satalas: my air is still superior
(18:40 / All) Satalas: fuckwits
(18:45 / All) 88MPH: lawl
(18:45 / All) TheMightyRod: how's it doing for you
(18:46 / All) TheMightyRod: LOL
(18:53 / All) 88MPH: his air got raped
(19:04 / Allies) 88MPH: focus farseer
(19:06 / Allies) 88MPH: nuke his ass
(19:15 / Allies) Noobinit_up: pink tp?
(19:18 / Allies) 88MPH: sh
(20:18 / All) 88MPH: nice lol
(21:38 / All) TheMightyRod: raped
(22:26 / All) HEADPHONE-JACK: yelow getting mad at blue lawl
(22:41 / All) 88MPH: yellow is garbage
(22:42 / All) x3m_test: gg useless allies
(22:44 / All) 88MPH: flat out GARBAGE
(22:45 / All) TheMightyRod: you're useless
(23:14 / All) TheMightyRod: nice tanks lol
(23:38 / Allies) Noobinit_up: ?
(24:00 / All) 88MPH: Brb
(24:37 / All) HEADPHONE-JACK: nice tp
(24:39 / All) HEADPHONE-JACK: oj lawl
(25:11 / All) Noobinit_up: nice getting no help.
(25:25 / All) TheMightyRod: you didn't help me earlier either
(25:45 / Allies) Noobinit_up: you didnt need help
(25:51 / All) TheMightyRod: would've made it a lot easier
(25:59 / Allies) Noobinit_up: i would have wasted tp
(26:02 / Allies) Noobinit_up: on the edge
(26:05 / All) TheMightyRod: don't need you
(26:07 / All) TheMightyRod: waste of tp to help
(28:25 / All) Noobinit_up: purp you not interested in hitting any othe bases?
(28:55 / All) 88MPH: gave rod control going afk for a few
(29:06 / All) HEADPHONE-JACK: whats that oj
(29:23 / All) Noobinit_up: hit some of my teamates? or just oj?
(29:30 / All) HEADPHONE-JACK: good point
(29:33 / All) HEADPHONE-JACK: i just killed red tho
(29:39 / All) Noobinit_up: good job
(29:44 / All) Noobinit_up: he's a bitch
(33:03 / All) HEADPHONE-JACK: y was red hated by oj
(33:20 / All) Dethstalker: ok sukd
(33:23 / All) Noobinit_up: lol im not the only one tking him
(33:27 / All) Dethstalker: all 3 games i had him in he sukd
(33:41 / All) Noobinit_up: as matter of fact everyone else is tking him
(33:49 / All) Noobinit_up: (green, pink)
(33:53 / All) TheMightyRod: Red is a total noob
(33:56 / All) Dethstalker: 2 lvl 1s i cakled it right
(33:57 / All) TheMightyRod: Level 1s better than him any day
(34:12 / All) Dethstalker: hahahah i caled it
(34:17 / All) Dethstalker: said they sukd or were bsers
(34:21 / All) Dethstalker: i was right
(34:23 / All) TheMightyRod: called what, that you're a noob and got raped by level 1s
(34:26 / All) TheMightyRod: who carried you
(34:26 / All) Dethstalker: either way who cares
(34:35 / All) Dethstalker: when there is 3 maybe
(34:40 / All) Dethstalker: and when they bitches ya
(35:14 / All) Noobinit_up: funny thing is both games i playd w. red i ended up 2nd and 3 in total score both times on losing team... he's just a bitch
(35:17 / All) Dethstalker: juts lik ei said they bitches
(35:31 / All) Dethstalker: hahahahn hes lyin like a mothafuer
(35:47 / All) Dethstalker: hahahaha wow see oj can lie with the best of em
(36:03 / All) Noobinit_up: nah... not lying bro. you just a bitch
(36:09 / All) Dethstalker: hahahah uhuh broi
(36:10 / All) 88MPH: lawl
(36:18 / Allies) TheMightyRod: I killed your base for standoff lawl
(36:19 / All) Dethstalker: u sad u got to lie hahahahaha
(36:23 / Allies) TheMightyRod: but not sure it's happening
(36:31 / All) 88MPH: y not
(36:44 / All) 88MPH: orange got 7 food
(36:48 / All) Dethstalker: booster i see
(36:57 / Allies) TheMightyRod: blue probably won't stay
(37:06 / All) 88MPH: whats his stats
(37:18 / Allies) TheMightyRod: 1-0
(37:21 / All) 88MPH: he's 0-2 solo
(37:26 / All) 88MPH: his account sux anyway
(38:42 / Allies) Noobinit_up: bringing my frost out of hybernation
(38:50 / All) 88MPH: brb
(38:53 / All) HEADPHONE-JACK: lawl
(38:54 / All) 88MPH: lawl there we go
(38:56 / All) HEADPHONE-JACK: he just said "K"
(38:57 / All) HEADPHONE-JACK: and left
(39:08 / Allies) Noobinit_up: lol pink really?
(39:13 / All) Dethstalker: oj bad and stupid hahahahaha
(39:20 / All) Noobinit_up: stfu red
(39:28 / All) Dethstalker: they bsers just like i said
(39:36 / All) HEADPHONE-JACK: oj vs red
(39:37 / All) Dethstalker: 2 lvl 1 accnt
(39:38 / All) HEADPHONE-JACK: lets see it
(40:24 / All) Dethstalker: juts like i said gg this team suks
(40:26 / All) Noobinit_up: green's not bser... just pink
(40:30 / All) Dethstalker: hahahaha caled it at start
(40:43 / All) Dethstalker: ya he is
(40:46 / All) HEADPHONE-JACK: red at least give me credit i killed ur hero twice
(40:47 / All) Dethstalker: ur stupid bro
(40:56 / All) Dethstalker: nha
(41:02 / All) Dethstalker: i know once
(41:08 / All) Dethstalker: who cares
(41:29 / All) TheMightyRod: lawl]
(41:33 / All) TheMightyRod: shade came in from behind
(41:39 / All) HEADPHONE-JACK: give me credit red i did good right
(41:47 / All) TheMightyRod: you were attacking my shit not sure that was intentional
(41:52 / All) Dethstalker: bro u had 2 more on ur side
(41:55 / All) TheMightyRod: 100 food undead army melts everything, jesus christ
(41:58 / All) Dethstalker: u had good air
(42:02 / All) TheMightyRod: I carried you all game red lol
(42:06 / All) TheMightyRod: so did green
(42:08 / All) Dethstalker: hahahaha uhuh
(42:09 / All) HEADPHONE-JACK: we had 2 more? are u kidding me
(42:10 / All) TheMightyRod: his team was a player up
(42:11 / All) TheMightyRod: you did jack shit
(42:14 / All) HEADPHONE-JACK: m yteam hasd nothing
(42:22 / All) Dethstalker: green and pink on ur side
(42:42 / All) HEADPHONE-JACK: the ynever helped me. i beat u legitly
(42:51 / All) Dethstalker: bro they tked 2 teammates
(42:52 / All) TheMightyRod: I have a +28 lich lol
(42:57 / All) Dethstalker: it was 6 on 2
(43:13 / All) Dethstalker: i called it at start
(43:16 / All) Dethstalker: they bsers
(43:20 / All) 88MPH: last buildin
(43:22 / All) TheMightyRod: I called it at start you suck ass
(43:33 / All) 88MPH: lol
(43:40 / All) Dethstalker: hahha poor kid
(43:50 / All) HEADPHONE-JACK: give control want to see oj vs red
(43:51 / All) Dethstalker: wanna be badass but it took all 3 of u to tk me
(43:52 / All) HEADPHONE-JACK: hero duel
(44:00 / All) 88MPH: lmao
(44:03 / All) Dethstalker: dumass oj thinkin he was helpin
(44:05 / All) HEADPHONE-JACK: red oj is even better than u lawl
(44:06 / All) 88MPH: u weren't good
(44:09 / All) 88MPH: you ddin't even expand
(44:13 / All) 88MPH: I never went over 50 food
(44:16 / All) 88MPH: I would have crushed u easily
(44:17 / All) Dethstalker: hahahah
(44:20 / All) Dethstalker: they stupid too
(44:21 / All) 88MPH: 18k golld 2k lumber
(44:25 / All) HEADPHONE-JACK: oj actually tried to micro; red just righgt clicked
(44:28 / All) 88MPH: I could just send waves at you rookie
(44:32 / All) Dethstalker: bsers
(44:35 / All) Dethstalker: why try
(44:39 / All) 88MPH: dawg you're garbage
(44:42 / All) 88MPH: make shit decisions
(44:45 / All) Dethstalker: i was fukin aorund cuz i knew u sukd bro lol
(44:50 / All) HEADPHONE-JACK: kodo beasts at middle fountain 20 of them
(44:54 / All) HEADPHONE-JACK: use bladestorm
(45:06 / All) 88MPH: brb again
(45:30 / All) Dethstalker: hahahah funniest thing is oj
(45:41 / All) Dethstalker: he thinkin thye with him and they bsed him too lool
(45:53 / All) Dethstalker: let me no when its over gon watch the draft
(45:55 / All) Noobinit_up: just pink...
(46:04 / All) HEADPHONE-JACK: gonna watch draft too lwl
(46:33 / All) HEADPHONE-JACK: kill da kodos in middle
(46:36 / All) Noobinit_up: red you mean lifetime or some other bitchy network?
(46:47 / All) Noobinit_up: you dont have nutz, no NFL draft
(47:02 / All) Dethstalker: hahah is that from the dumfuk that gpot fukd
(47:10 / All) Noobinit_up: ?
(47:13 / All) Dethstalker: bad and stupid is a scary combo
(47:28 / All) Dethstalker: u sukd and u thouyght the bsers wre with u lol
(47:34 / All) Dethstalker: hahahahahhah
(47:55 / All) Dethstalker: oj is almost always 1st out
(48:15 / All) Dethstalker: thats why its funny sayin he was 2nd and 3rd
(48:23 / All) Noobinit_up: lol i played two games w. you so far.. finished higher in both
(48:35 / All) Dethstalker: 1 game i inviso morted 2 bases down and we still lost
(48:37 / All) Noobinit_up: probably will again even tho i got no help
(49:02 / All) Dethstalker: 1 game his expo dies cuz he was scared to defend it against 1 enemy
(49:23 / All) Noobinit_up: both games i finished higher in total score noob.
(49:35 / All) Dethstalker: he was ud guy was human with am and footys and he pinged like crazy cuz he couldnt handle 1 guy lol
(49:50 / All) Dethstalker: 1 guy
(50:16 / All) Noobinit_up: red.. you suck bro, we've all agreed. stop talking
(50:30 / All) Dethstalker: hahahaha bro they bsers
(50:47 / All) Noobinit_up: that doesn't mean you dont suck
(50:59 / All) Dethstalker: they bsers they had to get rid of me cuz i called it
(51:07 / All) Dethstalker: uhuh
(51:15 / All) TheMightyRod: wow
(51:17 / All) TheMightyRod: this still going?
(51:20 / All) Dethstalker: bro i did more damage in the 1 game then u did in all 3 lol
(51:54 / All) Dethstalker: god ur bad cant believe u lie about ur score thats pathetic
(52:11 / All) Dethstalker: hahahah goodlcuk with the bsers im out
(53:02 / All) 88MPH: Worst players in game
(53:07 / All) 88MPH: 1. Red
(53:10 / All) HEADPHONE-JACK: its hilarious
(53:13 / All) 88MPH: It's a top 1 list
(53:18 / All) HEADPHONE-JACK: i think oj is better than red
(53:24 / All) HEADPHONE-JACK: not even kidding
(53:24 / All) 88MPH: Yeah
(53:27 / All) 88MPH: Red is garbage
(53:29 / All) 88MPH: Total idiot
(53:33 / All) HEADPHONE-JACK: oj is taking this like a champ
(53:35 / All) 88MPH: He spent the first 5 minutes whining
(53:58 / All) HEADPHONE-JACK: we have a huge history with x3m_test but idc if he loses or ties
(54:12 / All) HEADPHONE-JACK: kill da kodos in middle
(54:38 / All) 88MPH: first round is gonna be all nigger
(54:40 / All) 88MPH: why even watch it
(54:55 / All) 88MPH: they used to pick like 25% whites now it's like 5% last 2 years
(55:01 / All) 88MPH: this is after teh whitest teams were winning super b owl
(55:07 / All) Noobinit_up: im bucs fan, bow about yall?
(55:12 / All) 88MPH: and they draft nigger QBs high and they're almost always a bust
(55:13 / Allies) Noobinit_up: pic no. 9
(55:13 / All) HEADPHONE-JACK: i liked it when geno smith was pissed a few yrs ago he went in 2nd round
(55:37 / All) HEADPHONE-JACK: raiders only cuz local
(55:44 / All) HEADPHONE-JACK: patriots now also
(56:18 / All) TheMightyRod: alt tab back in time just to kill some kodos woot
(56:22 / All) Noobinit_up: i thought you were talk Wc3 for a sec.. raiders.. but yeah
(56:38 / All) Noobinit_up: who raiders drafting?
(56:48 / All) HEADPHONE-JACK: 13 i think , hopefuly a wr
(56:57 / All) Dethstalker: 14
(57:02 / All) HEADPHONE-JACK: hello red
(57:09 / All) Dethstalker: and hopefully a lb
(57:10 / All) HEADPHONE-JACK: cooking burgers gonna turn them.
(57:20 / All) Dethstalker: lee
(57:28 / All) HEADPHONE-JACK: wonder who gets the 2nd qb
(57:31 / All) HEADPHONE-JACK: probably eagles
(57:58 / All) Dethstalker: ya im raiders fan
(58:15 / All) Dethstalker: finally gettin better
(58:30 / All) Dethstalker: hahaha poor pink and green
(58:40 / All) Dethstalker: thinkin i will drop
(58:48 / All) Dethstalker: got 5 computers
(59:00 / All) Dethstalker: 2 destops next to each other
(59:21 / All) Dethstalker: watchin draft and just started serchibn for game
(60:55 / All) TheMightyRod: how good are all those computers
(60:59 / All) TheMightyRod: are they all emachines???
(61:10 / All) Dethstalker: nah
(61:19 / All) Dethstalker: 1 is homemade
(61:21 / All) TheMightyRod: what hardware they all got
(61:25 / All) Dethstalker: 1 hp
(61:32 / All) Dethstalker: 2 acer
(61:46 / All) TheMightyRod: you don't even know how good they are, just the brands?
(61:48 / All) Dethstalker: 2 desktops and 3 laptops
(62:05 / All) Dethstalker: 1 lap top is down
(62:11 / All) TheMightyRod: so 3 netbooks, a prebuilt (LOL) and a real desktop
(62:25 / All) Dethstalker: nah
(62:28 / All) Dethstalker: cant read is ee
(62:35 / All) Dethstalker: are u special needs
(62:51 / All) Dethstalker: cant find a fan
(63:11 / All) TheMightyRod: I have a laptop with dual 980s and i7 6700k
(63:14 / All) Dethstalker: i get all amd cuz u can clock them up
(63:22 / All) TheMightyRod: and PCI-E SSD with 3 gb/s read/write speed
(63:31 / All) TheMightyRod: gonna overclock my CPU and GPU too I think
(63:39 / All) Dethstalker: ya all desktops are quads
(63:39 / All) TheMightyRod: I can probably run all your desktops and laptops at once in VMs
(64:04 / All) Dethstalker: im adj at astrip club thats why so many laptops
(64:20 / All) TheMightyRod: what's your favourite band/musician
(64:23 / All) Dethstalker: old desktop is vista
(64:31 / All) Dethstalker: fukin suks
(64:42 / All) TheMightyRod: pirate windows 7 and upgrade it
(64:42 / All) Dethstalker: listen to havey music
(64:50 / All) 88MPH: my comp is not even quadcore
(64:52 / All) 88MPH: and it's 32bit
(64:55 / All) 88MPH: it's shit
(65:00 / All) Dethstalker: started playin guitar cuz of metallica
(65:04 / All) TheMightyRod: havey music?
(65:05 / All) TheMightyRod: oh
(65:21 / All) Dethstalker: keyboard is startin to fuk up
(65:26 / All) TheMightyRod: how long you play guitar for
(65:36 / All) Dethstalker: since 15
(65:48 / All) 88MPH: what's your fave smokes
(65:55 / All) TheMightyRod: so how old are you now, that doesn't really answer it
(65:55 / All) Dethstalker: got at least 15k worth of gear in living room
(66:06 / All) TheMightyRod: gear makes you a better musician
(66:22 / All) Dethstalker: its atool
(66:34 / All) Dethstalker: certain sounds require certain gear
(66:35 / All) TheMightyRod: I'm a classically trained violinist, singer and mandolinist
(66:42 / All) Dethstalker: uhuh
(66:47 / All) TheMightyRod: yep
(66:50 / All) Dethstalker: bro ur a bitch
(66:56 / All) TheMightyRod: oh yeah
(66:59 / All) Dethstalker: ur a bitch
(67:07 / All) Dethstalker: no discipline
(67:10 / All) TheMightyRod: do you even know any music theory
(67:18 / All) Dethstalker: violin requires it
(67:19 / All) TheMightyRod: violin takes a million times more discipline than guitar LOL
(67:32 / All) TheMightyRod: guitar is easy as fuck
(67:35 / All) Dethstalker: hahahaha uhuh idiot i am a rocker but i can read music
(67:40 / All) 88MPH: buckethead >>> all violinists
(67:49 / All) TheMightyRod: wow, you can read music, that's the first thing you learn when you start
(67:52 / All) TheMightyRod: retarded guitarists lol
(67:59 / All) Dethstalker: had offer from college for jazz improv
(68:13 / All) TheMightyRod: jazz sucks, it's all pretty simple and mostly all nigger doodling
(68:16 / All) Dethstalker: dont play so much now tho
(68:32 / All) Dethstalker: hahahah yep u opened ur mouth and proved ur stupid
(68:45 / All) 88MPH: jazz is for fags
(68:46 / All) Dethstalker: way more sophisticated then classical
(68:51 / All) 88MPH: that pretend to like nigger noodlin
(68:55 / All) Dethstalker: classical is basic
(68:58 / All) 88MPH: no one with sense can stand that raucus
(69:10 / All) TheMightyRod: jazz mainly centres around 4 chords and 3 modes
(69:13 / All) TheMightyRod: it's overrated shit
(69:17 / All) Dethstalker: most thrash and heavy music is clasically bases
(69:28 / All) Dethstalker: pedal tones sequences
(69:32 / All) TheMightyRod: maj 7, min 7, dom 7 and half dim
(69:42 / All) Dethstalker: ur a idiot
(70:06 / All) Dethstalker: chord subs for jazz is way harder then any classical i seen
(70:12 / All) TheMightyRod: dorian, myxolydian, phrygian modes, you play scales chord type and root
(70:32 / All) TheMightyRod: extend chords with 7s, 9s, 11s and sometimes 13s
(70:45 / All) Dethstalker: except classical is more basic
(70:46 / All) TheMightyRod: and most rhythm is all based on chords of bebop "I got rhythm"
(71:14 / All) Dethstalker: really just studied that stuff to throw curves with my heavy music
(71:17 / All) 88MPH:
(71:25 / All) TheMightyRod: I vi ii V I, extended tones used to alter scales and turnaround ii V chords are changed
(71:27 / All) TheMightyRod: for dif effects
(71:30 / All) 88MPH: It is this music that the savage bushmen created to satisfy their primitive desires.
(71:38 / All) 88MPH: -Sayyid Qutb
(71:40 / All) TheMightyRod: Classical is way more complicated than jazz
(71:50 / All) Dethstalker: uhuh
(71:52 / All) TheMightyRod: and folk music was doing improvisation and stuff like jazz for literally thousands of years lol
(71:53 / All) Dethstalker: hahahahahah
(72:11 / All) TheMightyRod: pentatonic scale taken from irish slaves and celtic music, jazz is even an irish word in origin
(72:12 / All) Dethstalker: i love blue grass
(72:31 / All) Dethstalker: country player named junior brown
(72:36 / All) Dethstalker: slide
(72:40 / All) TheMightyRod: music from the balkans like greece and bulgaria has improv more complicated than jazz and has for centuries at least
(72:43 / All) 88MPH: The American is primitive in his artistic taste, both in what he enjoys as art and in his own artistic works.
(72:51 / All) Dethstalker: hahahah uhuh
(72:53 / All) 88MPH:
(72:56 / All) Dethstalker: ur pathetic bro
(73:00 / All) 88MPH: as well as their desire to be noisy on the one hand and to excite bestial tendencies on the other.
(73:08 / All) Dethstalker: now if u said indian i would agree
(73:10 / All) TheMightyRod: Jazz just takes what white people can do for thousands of years and makes it have popular appeal
(73:18 / All) 88MPH:
(73:23 / All) TheMightyRod: it's classical and folk music for retarded black americans and nigger lovers
(73:24 / All) 88MPH: until the music is accompanied by singing that is just as coarse and obnoxious as the music itself.
(73:34 / All) 88MPH:
(73:48 / All) 88MPH: The agitation of the multitude increases, and the voices of approval mount,
(73:53 / All) 88MPH: and their palms ring out in vehement, continuous applause that all but deafens the ears.
(73:54 / All) Dethstalker: go ahead let get the loss
(74:00 / All) Dethstalker: kill it
(74:01 / All) TheMightyRod: I can wait a bit longer
(74:05 / All) 88MPH: Owned by the father of Islamic terror!
(74:06 / All) Dethstalker: im bout to go
(74:09 / All) TheMightyRod: don't think I'm gonna take orders from you pal
(74:14 / All) Dethstalker: ok
(74:18 / All) TheMightyRod: go then, bitch
(74:25 / All) Dethstalker: goodlcuk with ur chosen filed dumfuk
(74:50 / All) 88MPH: You're an random team rookie
(74:59 / All) 88MPH: The sight of your username fills me with disgust
(75:01 / All) 88MPH: Newbie